Map: Dusk Towers

Players

Lady

  • Race: Protoss Protoss
  • League: Platinum

LilDicky - Winner!

  • Race: Terran Terran
  • League: Diamond

VOD

http://www.twitch.tv/tumescentpie

Description

Time

  • Played on: Jan. 5, 2016, 10:27 p.m.
  • Length: 5:45
Show
View Real Time Build Order
Export as new Build Order

Lady Protoss 

Build Orders:  

Get SALT Encoding   

  12  0:01  Probe (Chrono Boost)  
  13  0:14  Pylon  
  13  0:18  Probe (Chrono Boost)  
  14  0:28  Probe (Chrono Boost)  
  15  0:35  Gateway  
  15  0:42  Assimilator  
  15  0:46  Probe (Chrono Boost)  
  16  0:57  Probe (Chrono Boost)  
  17  1:02  Assimilator  
  17  1:07  Probe (Chrono Boost)  
  18  1:18  Probe (Chrono Boost)  
  19  1:29  Probe (Chrono Boost)  
  20  1:36  Cybernetics Core  
  20  1:45  Probe (Chrono Boost)  
  21  1:51  Nexus  
  21  1:56  Probe (Chrono Boost)  
  22  2:06  Probe (Chrono Boost)  
  23  2:13  Warp Gate  
  22  2:17  Probe (Chrono Boost)  
  22  2:20  Pylon  
  23  2:32  Pylon  
  23  2:38  Adept (Chrono Boost)  
  25  2:46  Gateway  
  25  2:48  Gateway  
  25  2:55  Mothership Core  
  27  3:04  Probe  
  28  3:15  Probe  
  28  3:16  Adept (Chrono Boost)  
  28  3:17  Probe  
  32  3:25  Probe  
  33  3:33  Robotics Facility  
  28  3:44  Pylon  
  28  3:58  Pylon  
  28  4:19  Stalker x3  
  28  4:23  Assimilator  
  28  4:24  Observer (Chrono Boost)  
  35  4:30  Probe  
  30  4:32  Probe  
  30  4:37  Assimilator  
  32  4:41  Probe  
  32  4:44  Probe  
  34  4:52  Probe (Chrono Boost)  
  34  4:56  Probe (Chrono Boost)  
  36  5:02  Observer  
  36  5:04  Probe (Chrono Boost)  
  38  5:07  Probe (Chrono Boost)  
  39  5:14  Probe (Chrono Boost)  
  39  5:18  Probe (Chrono Boost)  
  41  5:25  Probe (Chrono Boost)  
  44  5:29  Probe (Chrono Boost)  
  46  5:41  Adept  
Show
View Real Time Build Order
Export as new Build Order

LilDicky Terran - Winner!

Build Orders: MMM Bio 

Get SALT Encoding   

  12  0:01  SCV  
  13  0:13  SCV  
  14  0:17  Supply Depot  
  14  0:25  SCV  
  15  0:35  Refinery  
  15  0:39  SCV  
  16  0:50  Barracks  
  16  0:53  SCV  
  17  1:05  SCV  
  18  1:17  SCV  
  19  1:23  Supply Depot  
  19  1:29  SCV  
  21  1:48  Orbital Command, Marine  
  21  1:52  Factory  
  21  2:05  Marine  
  22  2:11  Barracks  
  22  2:13  Barracks  
  22  2:15  SCV  
  23  2:20  Refinery  
  23  2:29  SCV  
  24  2:30  Barracks Reactor  
  24  2:35  Supply Depot  
  24  2:41  SCV  
  25  2:50  Widow Mine  
  27  3:02  SCV  
  27  3:03  Barracks Tech Lab  
  27  3:04  Barracks Tech Lab  
  28  3:08  Marine x2  
  29  3:15  SCV  
  29  3:19  Supply Depot, Widow Mine  
  32  3:27  Combat Shields  
  32  3:28  Stimpack, Marine x3  
  32  3:29  Marine  
  36  3:37  SCV  
  37  3:42  Supply Depot  
  37  3:46  Starport  
  37  3:54  Marine x4  
  41  4:12  Marine x2  
  41  4:13  Marauder x2  
  47  4:26  Medivac  
  47  4:28  Supply Depot  
  49  4:32  Marine  
  49  4:34  Marauder x2  
  54  4:40  Engineering Bay  
  54  4:42  Marine  
  51  4:56  Concussive Shells  
  51  5:02  Marine x3  
  51  5:03  Marauder  
  56  5:09  Missile Turret  
  56  5:11  Supply Depot  
  56  5:20  Marine x2  
Tags
 
Add a new tag
Caveats
  • Supply blocks, unpowered buildings, or Contaminate may cause inaccurate times.
  • Supply counts are checked every 10 seconds.